 Dungeon Crawl Stone Soup version 0.31-a0-844-gdc52ec4e09 (webtiles) character file.

Game seed: 1097239564232864138

886 BinkBink the Shooter (level 7, -3/59 (61) HPs)
             Began as a Minotaur Hunter on Sept 30, 2023.
             Shot with an arrow by a centaur (7 damage)
             ... on level 5 of the Dungeon.
             The game lasted 00:10:51 (3690 turns).

BinkBink the Shooter (Minotaur Hunter)              Turns: 3690, Time: 00:10:52

HP:   -3/59 (61)    AC:  8    Str: 30    XL:     7   Next: 76%
MP:   6/6           EV: 11    Int:  6    God:
Gold: 291           SH:  7    Dex: 13    Spells: 6/6 levels left

rFire   . . .        A - +4 flail (flame)
rCold   . . .        f - +0 kite shield
rNeg    . . .        l - +1 scale mail
rPois   .            (helmet restricted)
rElec   .            (no cloak)
rCorr   .            (no gloves)
SInv    .            (no boots)
Will    +....        (no amulet) Stlth
                     j - +6 ring of strength
HPRegen 0.29/turn    o - +6 ring of strength
MPRegen 0.10/turn

%: no passive effects
@: about to teleport, enlightened, flying, studying 2 skills, lightly drained
A: horns 2, retaliatory headbutt
a: no special abilities


You were on level 5 of the Dungeon.
You visited 1 branch of the dungeon, and saw 5 of its levels.
You also visited: Sewer.

You collected 291 gold pieces.

Inventory:

Hand Weapons
 a - a +0 shortbow
 A - a +4 flail of flaming (weapon)
 G - a +6 battleaxe of freezing
Armour
 c - a +0 leather armour
 f - a +0 kite shield (worn)
 l - a +1 scale mail (worn)
 r - an orb of wrath
Jewellery
 d - a ring of resist corrosion
 g - a ring of flight
 j - a +6 ring of strength (left hand)
 o - a +6 ring of strength (right hand)
 t - a ring of protection from cold
 u - a +6 ring of intelligence
 v - a +6 ring of intelligence
 w - an amulet of reflection
 B - a +4 ring of protection
Talismans
 s - a talisman of death
Wands
 y - a wand of digging (7)
Scrolls
 b - a scroll of butterflies
 h - a scroll of enchant weapon
 k - 2 scrolls of teleportation
 p - a scroll of brand weapon
 D - 2 scrolls of fear
Potions
 e - a potion of curing
 i - a potion of lignification {unknown}
 m - a potion of enlightenment
 n - a potion of degeneration {unknown}
 q - a potion of might {unknown}
 x - a potion of magic {unknown}
 z - a potion of resistance {unknown}
 C - a potion of attraction {unknown}
 E - a potion of berserk rage {unknown}
 F - 2 potions of brilliance {unknown}


   Skills:
 + Level 5.4 Fighting
 + Level 2.6 Maces & Flails
 + Level 6.2 Ranged Weapons
 + Level 3.8 Armour
 + Level 4.8 Dodging
 - Level 0.7 Stealth
 + Level 0.4 Shields
 + Level 2.2 Shapeshifting


You had 6 spell levels left.
You didn't know any spells.
Your spell library contained the following spells:

 Spells                   Type           Power      Damage    Failure   Level
 Poisonous Vapours        Pois/Air       0%         N/A       97%         2
 Gell's Gravitas          Tloc           0%         N/A       99%         3
 Mephitic Cloud           Conj/Pois/Air  0%         N/A       99%         3
 Teleport Other           Tloc           0%         N/A       99%         3
 Freezing Cloud           Conj/Ice/Air   0%         6-21      100%        5
 Dispersal                Tloc           0%         N/A       100%        6


Dungeon Overview and Level Annotations

Branches:
Dungeon (5/15)              Sewer (visited)
 Temple: D:4-7

Altars:
Gozag
Makhleb
Qazlal
Vehumet
Xom
Yredelemnul

Annotations:
D:4 2 runed translucent doors


Innate Abilities, Weirdness & Mutations

You have a pair of horns on your head.
You reflexively headbutt those who attack you in melee.


Message History

No target in view!
No target in view!
No target in view!
A wight comes into view. It is wielding a +0 mace.
Things that are here:
a +6 battleaxe of freezing; a +0 robe
G - a +6 battleaxe of freezing A wight and a centaur come into view.
The centaur shouts!
The centaur wields a +0 orcbow.
The centaur shoots an arrow.
The arrow hits you!
The centaur moves out of view.
An orc comes into view. It is wielding a +4 mace.
The orc shouts!
A wight comes into view. It is wielding a +3 great sword.
The wight attacks as it pursues you! The wight barely misses you.
You furiously retaliate!
You headbutt the wight! You closely miss the wight.
The wight is almost destroyed.
The wight completely misses you.
The centaur shoots an arrow.
The arrow barely misses you.
You hit the wight but do no damage.
The wight is almost destroyed.
The centaur shoots an arrow.
The arrow hits you!
The centaur shoots an arrow.
The arrow hits you!
You are too injured to fight recklessly!
As you read the scroll of teleportation, it crumbles to dust.
You feel strangely unstable.
The centaur shoots an arrow.
The arrow hits you!
* * * LOW HITPOINT WARNING * * *
It was a potion of curing.
You feel better.
The centaur shoots an arrow.
The arrow completely misses you. The wight hits you but does no damage.
The centaur shoots an arrow.
The arrow barely misses you.
It was a potion of enlightenment.
You feel very buoyant.
You fly up into the air.
The wight hits you with a +5 great sword!
* * * LOW HITPOINT WARNING * * *
You feel drained.
* * * LOW HITPOINT WARNING * * *
The centaur shoots an arrow.
The arrow hits you!
You die...

#. #..... #.#
#.#...... #..
#.#.#.....
##..##<#.#.....
#...#....#.#..
#.............
#........c###..#
##..##[.........
.........@#....
..#..##.##z#..##
.....#.....z....#
....##......z...#
##. #..........#
#..........#
#...........#
.............
#.........z...


You could see a centaur and 3 wights.

Vanquished Creatures
  Edmund (D:4)
  A black bear (D:4)
  2 scorpions (D:4)
  A gnoll sergeant (D:4)
  A wight (D:5)
  An orc priest (D:4)
  A hound (D:4)
  2 jellies (D:4)
  An iguana (D:4)
  2 orc wizards (D:4)
  4 gnolls (D:3)
  9 adders
  A river rat (Sewer)
  A shadow imp (D:4)
  3 worms (D:4)
  A dart slug (D:3)
  11 orcs (D:4)
  8 bats
  4 endoplasms
  3 giant cockroaches
  12 goblins
  13 hobgoblins
  4 jackals (D:3)
  4 quokkas
  4 ball pythons
  14 frilled lizards
  4 kobolds (D:1)
  11 rats
124 creatures vanquished.

Notes
Turn   | Place    | Note
-------+----------+-------------------------------------------
     0 | D:1      | BinkBink the Minotaur Hunter began the quest for the Orb.
     0 | D:1      | Reached XP level 1. HP: 18/18 MP: 0/0
    90 | D:1      | Reached XP level 2. HP: 25/25 MP: 1/1
   262 | D:1      | Reached XP level 3. HP: 28/31 MP: 2/2
   777 | D:2      | Reached skill level 5 in Ranged Weapons
   912 | D:2      | Found a faded altar of an unknown god.
  1096 | D:2      | Reached XP level 4. HP: 39/39 MP: 3/3
  1799 | D:3      | Reached skill level 1 in Armour
  1806 | D:3      | Reached XP level 5. HP: 46/46 MP: 4/4
  1855 | D:3      | Found a basalt altar of Yredelemnul.
  2087 | D:4      | Reached skill level 1 in Shapeshifting
  2122 | D:4      | Reached XP level 6. HP: 47/53 MP: 5/5
  2151 | D:4      | Noticed Edmund
  2182 | D:4      | Killed Edmund
  2281 | D:4      | Found a shimmering altar of Xom.
  2283 | D:4      | Found a burning altar of Makhleb.
  2327 | D:4      | Found a radiant altar of Vehumet.
  2419 | D:4      | Reached skill level 1 in Maces & Flails
  2419 | D:4      | Reached XP level 7. HP: 60/60 MP: 6/6
  2421 | D:4      | Found a glowing drain.
  2438 | Sewer    | Entered a sewer
  2772 | Sewer    | Reached skill level 5 in Fighting
  2943 | D:4      | Found a large runed translucent door.
  2944 | D:4      | Found a large runed translucent door.
  2966 | D:4      | Reached skill level 6 in Ranged Weapons
  3161 | D:4      | Found a stormy altar of Qazlal.
  3163 | D:4      | Found an opulent altar of Gozag.
  3281 | D:4      | Found a large runed translucent door.
  3281 | D:4      | Found a large runed translucent door.
  3674 | D:5      | Entered Level 5 of the Dungeon
  3690 | D:5      | Shot with an arrow by a centaur

Illustrated notes

Levels and vault maps discovered:
D:1:      dpeg_arrival_rooms_c, layout_rooms
D:2:      layout_loops_corners, ebering_ecumenical_altar_webs
D:3:      layout_basic, amcnicky_altar_gilded
D:4:      layout_basic, vehumet_crystals, nicolae_overflow_hidden_temple,
          cheibrodos_sewer_entry_bend, serial_park_tiny_2,
          minmay_hollow_rounded_squares, uniq_edmund
D:5:      layout_rooms, kennysheep_vampire_church,
          hellmonk_ghost_happy_afterlife, kennysheep_crisscross,
          kennysheep_small_circle

Skill      XL: |  1  2  3  4  5  6  7 |
---------------+----------------------+-----
Fighting       | 3 4 5 |  5.4
Dodging        | 3 4 |  4.8
Ranged Weapons | 5 6 |  6.2
Armour         | 1 2 3 |  3.8
Shapeshifting  | 1 2 |  2.2
Maces & Flails | 1 2 |  2.6
Stealth        | |  0.7
Shields        | |  0.4

Action                     |  1- 3 |  4- 6 |  7- 9 || total
---------------------------+-------+-------+-------++-------
  Melee: Dagger            |    64 |    80 |       ||   144
         Headbutt          |     6 |    16 |    10 ||    32
         Flail             |       |    23 |    70 ||    93
   Fire: Shortbow          |    45 |       |       ||    45
    Use: Scroll            |       |       |     9 ||     9
         Potion            |       |       |     2 ||     2
 Armour: Leather armour    |    23 |       |       ||    23
         Scale mail        |    28 |    57 |    54 ||   139
  Dodge: Dodged            |    69 |    57 |    47 ||   173

Table legend: (Time is in decaauts)
 A = Elapsed time spent in this place.
 B = Non-inter-level travel time spent in this place.
 C = Inter-level travel time spent in this place.
 D = Time resting spent in this place.
 E = Time spent auto-exploring this place.
 F = Levels seen in this place.
 G = Mean time per level.
                   A        B        C        D        E       F      G
               +--------+--------+--------+--------+--------+-----+--------+
         Total |   3942 |   3816 |    126 |    151 |   2595 |   6 |  657.0 |
       Dungeon |   3395 |   3269 |    126 |     20 |   2361 |   5 |  679.0 |
         Sewer |    547 |    547 |      0 |    131 |    234 |   1 |  547.0 |
               +--------+--------+--------+--------+--------+-----+--------+

Top non-repeatable levels by time:
     D:4: 1259 daAuts
     D:2: 973 daAuts
     D:1: 653 daAuts
   Sewer: 547 daAuts
     D:3: 491 daAuts
     D:5: 17 daAuts
